 Dungeon Crawl Stone Soup version 0.29.1-12-g30fa7ad0bf (webtiles) character file.

Game seed: 5723627410298969475

266 soggyman666 the Chopper (level 6, -3/52 HPs)
             Began as a Minotaur Fighter on Dec 28, 2022.
             Slain by an ogre
             ... wielding a +0 giant club
              (24 damage)
             ... on level 4 of the Dungeon.
             The game lasted 00:07:10 (3418 turns).

soggyman666 the Chopper (Minotaur Fighter)          Turns: 3418, Time: 00:07:10

Health: -3/52      AC: 12    Str: 23    XL:     6   Next: 0%
Magic:  5/5        EV:  6    Int:  5    God:
Gold:   157        SH:  4    Dex:  9    Spells: 5/5 levels left

rFire   . . .      SeeInvis .   a - +1 war axe
rCold   . . .      Faith    .   c - +0 buckler
rNeg    . . .      Spirit   .   f - +1 plate armour
rPois   .          Reflect  .   (helmet restricted)
rElec   .          Harm     .   (no cloak)
rCorr   .          Rampage  .   (no gloves)
Will    .....                   (no boots)
Stlth   ..........              (no amulet)
HPRegen 0.17/turn               (no ring)
MPRegen 0.09/turn               (no ring)

@: no status effects
A: horns 2, retaliatory headbutt
a: no special abilities


You were on level 4 of the Dungeon.
You visited 1 branch of the dungeon, and saw 4 of its levels.

You collected 157 gold pieces.

Inventory:

Hand Weapons
 a - a +1 war axe (weapon)
 p - a +0 mace
Missiles
 o - 4 javelins (quivered)
Armour
 c - a +0 buckler (worn)
 f - a +1 plate armour (worn)
Jewellery
 k - a ring of fire
Scrolls
 b - 6 scrolls of teleportation
 g - 2 scrolls of blinking
 l - a scroll of noise {unknown}
 m - 2 scrolls of fear {unknown}
 n - a scroll of acquirement {unknown}
Potions
 d - 2 potions of might
 e - 2 potions of lignification
 h - a potion of flight
 j - a potion of berserk rage {unknown}


   Skills:
 + Level 3.7 Fighting
 + Level 7.4 Axes
 + Level 3.7 Armour
 + Level 0.0 Dodging
 + Level 3.7 Shields


You had 5 spell levels left.
You didn't know any spells.
Your spell library contained the following spells:

 Spells                   Type           Power      Damage    Failure   Level
 Blink                    Tloc           0%         N/A       100%        2
 Lesser Beckoning         Tloc           0%         N/A       100%        3
 Manifold Assault         Tloc           0%         N/A       100%        5


Dungeon Overview and Level Annotations

Branches:
Dungeon (4/15)
 Temple: D:4-7

Altars:


Innate Abilities, Weirdness & Mutations

You have a pair of horns on your head.
You reflexively headbutt those who attack you in melee.


Message History

You closely miss the gnoll. The gnoll hits you but does no damage.
You barely miss the gnoll. The gnoll hits you with a +0 spear.
You slash the gnoll! Your headbutt misses the gnoll.
The gnoll is severely wounded.
The gnoll is no longer moving quickly.
The gnoll hits you but does no damage. x2
You barely miss the gnoll. Your headbutt misses the gnoll.
The gnoll is severely wounded.
You block the gnoll's attack.
You hit the gnoll.
You kill the gnoll!
You have reached level 6!
You start resting.
Your attacks no longer feel as feeble.
You start resting.
HP restored.
There is a stone staircase leading down here.
You climb downwards.
There is a stone staircase leading up here.
Found a whip.
You open the door.
Found a dagger.
An ogre comes into view. It is wielding a +0 giant club.
Found 4 gold pieces.
There is an open door here.
Found a scale mail.
You block the ogre's attack.
You hit the ogre. You headbutt the ogre.
The ogre is lightly wounded.
You barely miss the ogre.
The ogre is lightly wounded.
The ogre hits you with a +0 giant club!!
You slash the ogre!
The ogre is heavily wounded.
The ogre hits you with a +0 giant club!
You are too injured to fight recklessly!
You are too injured to fight recklessly!
You are too injured to fight recklessly!
Unknown command.
The ogre hits you with a +0 giant club!!
You die...

#######.########
#.....)...#
#.##.####.#####+####
#.#.......##........
#.##########)....###
#..........'.....'..
############.?...##
#.....# #@....#
#O....# #.....#
#.....# #....$#
#[.....# #........
......#.#


You could see an ogre.

Vanquished Creatures
  A hound (D:2)
  2 orc priests
  An orc wizard (D:4)
  5 gnolls
  2 adders (D:2)
  A worm (D:2)
  A dart slug (D:2)
  8 orcs
  4 ball pythons
  6 endoplasms
  3 giant cockroaches
  7 goblins
  9 hobgoblins
  6 bats
  2 frilled lizards
  9 kobolds
  7 rats
  A spectral kobold (D:2)
75 creatures vanquished.

Vanquished Creatures (others)
  8 plants
8 creatures vanquished.

Grand Total: 83 creatures vanquished

Notes
Turn   | Place    | Note
-------+----------+-------------------------------------------
     0 | D:1      | soggyman666 the Minotaur Fighter began the quest for the
                  | Orb.
     0 | D:1      | Reached XP level 1. HP: 19/19 MP: 0/0
   136 | D:1      | Reached skill level 3 in Axes
   196 | D:1      | Reached XP level 2. HP: 27/27 MP: 1/1
   738 | D:1      | Reached skill level 4 in Axes
   799 | D:1      | Reached XP level 3. HP: 29/33 MP: 2/2
   954 | D:2      | Found a faded altar of an unknown god.
  1407 | D:2      | Reached skill level 5 in Axes
  1407 | D:2      | Reached XP level 4. HP: 33/40 MP: 3/3
  1706 | D:3      | Reached skill level 6 in Axes
  1712 | D:3      | Reached XP level 5. HP: 12/46 MP: 4/4
  2911 | D:4      | Reached skill level 7 in Axes
  3183 | D:3      | Reached XP level 6. HP: 28/52 MP: 5/5
  3418 | D:4      | Slain by an ogre

Illustrated notes

Levels and vault maps discovered:
D:1:      dpeg_arrival_pits, layout_loops_ring, lexackson_kobold_supper
D:2:      layout_basic, dreamdust_ecumenical_altar_drowned_temple
D:3:      layout_loops_cross, serial_co_window_serial, co_window_corner_a,
          co_window_corner_a, co_window_corner_a, co_window_of_opportunity_a,
          co_window_of_opportunity_a, co_window_broadway_b, co_window_paths_c,
          co_window_of_opportunity_b, co_window_corner_b, glass_columns_a,
          glass_columns_c, glass_columns_b, glass_columns_a, serial_bayou_pond_a
D:4:      layout_basic, minmay_temple_entry_wispy, minmay_misc_feat_pillars

Skill      XL: |  1  2  3  4  5 |
---------------+----------------+-----
Axes           | 3 4 5 6 7 |  7.4
Fighting       | |  3.7
Armour         | |  3.7
Shields        | |  3.7

Action                   |  1- 3 |  4- 6 || total
-------------------------+-------+-------++-------
Melee: War axe           |   106 |    74 ||   180
       Headbutt          |    10 |    11 ||    21
  Use: Scroll            |     6 |     3 ||     9
       Potion            |       |     1 ||     1
Armor: Plate armour      |    85 |    39 ||   124
       Scale mail        |     4 |       ||     4
Dodge: Dodged            |    29 |    18 ||    47
Block: Buckler           |    27 |    15 ||    42
